 Dungeon Crawl Stone Soup version 0.18-a0-1577-gf591c28 (webtiles) character file.

273 angel3174 the Ruffian (level 6, -1/61 HPs)
             Began as a Troll Monk on Mar 17, 2016.
             Slain by Duvessa
             ... wielding a +5 rapier
              (6 damage)
             ... on level 4 of the Dungeon.
             The game lasted 00:12:14 (2379 turns).

angel3174 the Ruffian (Troll Monk)                  Turns: 2379, Time: 00:12:14

Health: -1/61      AC:  8    Str: 20    XL:     6   Next: 3%
Magic:  5/5        EV: 12    Int:  6    God:
Gold:   108        SH:  0    Dex: 20    Spells: 0 memorised, 5 levels left

rFire  . . .     SeeInvis .       - Unarmed
rCold  . . .     Gourm    +     a - +2 robe
rNeg   . . .     Faith    .     (no shield)
rPois  +         Spirit   .     (helmet restricted)
rElec  .         Dismiss  .     f - +0 cloak
rCorr  .         Reflect  .     (gloves unavailable)
SustAt .         Harm     .     (boots unavailable)
MR     .....                    (no amulet)
Stlth  ++........               j - ring of poison resistance
                                g - +6 ring of dexterity

@: very slightly contaminated, hasted, very quick, not resistant to hostile
enchantments, unstealthy
A: unfitting armour, claws 3, fast metabolism 3, gourmand, regeneration 2,
shaggy fur 1, tough skin 2
a: no special abilities


You were on level 4 of the Dungeon.
You were completely stuffed.

You visited 1 branch of the dungeon, and saw 4 of its levels.

You collected 108 gold pieces.

Inventory:

Missiles
 q - 106 stones (quivered)
Armour
 a - a +2 robe (worn)
 f - a +0 cloak (worn)
Jewellery
 c - an uncursed ring of protection from fire
 g - a +6 ring of dexterity (left claw)
 j - a ring of poison resistance (right claw)
Wands
 s - a wand of enslavement (20/24)
Scrolls
 e - a scroll of remove curse
 h - a scroll of blinking {unknown}
Potions
 n - a potion of magic
 o - a potion of cancellation {unknown}
 p - a potion of lignification {unknown}
 z - a potion of curing
Comestibles
 b - 6 bread rations
 d - 4 chunks of flesh
 m - 3 meat rations
 t - a slice of pizza
 u - a beef jerky


   Skills:
 * Level 3.2 Fighting
 * Level 3.8 Dodging
 + Level 1.5 Stealth
 * Level 5.4 Unarmed Combat
 + Level 0.1 Evocations


You had 5 spell levels left.
You didn't know any spells.

Dungeon Overview and Level Annotations

Branches:
Dungeon (4/15)             Temple (0/1) D:4

Altars:
Okawaru
Ru

Annotations:
D:4 Duvessa


Innate Abilities, Weirdness & Mutations

You are too large for most types of armour.
You have claws for hands.
Your metabolism is lightning-fast.
You like to eat raw meat.
You heal very quickly.
You are covered in fur (AC +1).
You have very tough skin (AC +2).


Message History

Duvessa hits you with an enchanted rapier! x2
* * * LOW HITPOINT WARNING * * *
You are very lightly contaminated with residual magic.
You closely miss Duvessa.
Duvessa is moderately wounded.
Duvessa hits you with an enchanted rapier.
* * * LOW HITPOINT WARNING * * *
You claw Duvessa!
Duvessa is heavily wounded.
You claw Duvessa!
Duvessa is almost dead.
Duvessa barely misses you.
You closely miss Duvessa.
Duvessa is almost dead.
Duvessa hits you with an enchanted rapier.
* * * LOW HITPOINT WARNING * * *
You scratch Duvessa.
Duvessa is almost dead.
Duvessa hits you with an enchanted rapier.
You die...

*****##*#########
*,,,,,.,#.......##########
*,****#.#)####............
*,*####.#.####..####.<####
*,*#.....e...#..####..####
*,*#.##.#@#.....#........#
*,**,*#.#.#.#.....##..##.#
*,,,,,.,#..,....####..##.#
*,**,##,######............
*,**,**,* ########.....
*,**,**,* ########........
*,**,**,* #........#...#..
*,**,**,* #......(........
*,,,,,,,* #...............


You could see Duvessa (berserk).

Vanquished Creatures
  Dowan (D:4)
  An orc priest (D:4)
  An iguana (D:4)
  An orc wizard (D:4)
  7 adders
  3 worms
  4 giant geckos
  2 orcs (D:4)
  4 giant cockroaches
  7 goblins
  7 hobgoblins
  8 jackals
  4 kobolds
  A quokka (D:2)
  2 ball pythons
  5 bats
  2 giant newts
  18 rats
78 creatures vanquished.

Vanquished Creatures (others)
  An orc wizard (D:4)
1 creature vanquished.

Grand Total: 79 creatures vanquished

Notes
Turn   | Place    | Note
--------------------------------------------------------------
     0 | D:1      | angel3174 the Troll Monk began the quest for the Orb.
     0 | D:1      | Reached XP level 1. HP: 22/22 MP: 0/0
    35 | D:1      | Reached XP level 2. HP: 25/29 MP: 1/1
   834 | D:2      | Reached XP level 3. HP: 36/36 MP: 2/2
  1220 | D:2      | Reached XP level 4. HP: 34/44 MP: 3/3
  1880 | D:3      | Reached skill level 5 in Unarmed Combat
  1990 | D:4      | Found a sacrificial altar of Ru.
  2007 | D:4      | Reached XP level 5. HP: 45/53 MP: 4/4
  2153 | D:4      | Found an iron altar of Okawaru.
  2310 | D:4      | Noticed Dowan
  2326 | D:4      | Killed Dowan
  2326 | D:4      | Reached XP level 6. HP: 61/61 MP: 5/5
  2359 | D:4      | Noticed Duvessa
  2379 | D:4      | Slain by Duvessa

Vault maps used:
D:1:      erik_arrival_orb_chamber, serial_park_tiny_pond
D:4:      nicolae_ru_awakened_eye, minmay_temple_entry_water_ring, first_bread,
          okawaru_trees_2, uniq_robin, uniq_menkaure, uniq_pikel, uniq_duvessa

Skill      XL: |  1  2  3  4 |
---------------+-------------+-----
Dodging        | 3 |  3.8
Fighting       | 3 |  3.2
Unarmed Combat | 5 |  5.4
Stealth        | |  1.5
Evocations     | |  0.1

Action                   |  1- 3 |  4- 6 || total
-------------------------+-------+-------++-------
Melee: Unarmed           |   112 |    95 ||   207
Evoke: Wand              |       |     4 ||     4
  Use: Scroll            |       |    13 ||    13
       Potion            |       |     2 ||     2
 Stab: Sleeping          |     2 |     3 ||     5
  Eat: Chunk             |    17 |    10 ||    27
